 Dungeon Crawl Stone Soup version 0.31-a0-1005-gfbdfbacc72 (webtiles) character file.

Game seed: 3037209736620767510

53 protoss039 the Digger (level 3, 27/27 HPs)
             Began as a Demonspawn Earth Elementalist on Nov 11, 2023.
             Got out of the dungeon alive.
             The game lasted 00:02:12 (844 turns).

protoss039 the Digger (DsEE)                         Turns: 844, Time: 00:02:13

Health: 27/27      AC:  3    Str:  8    XL:     3   Next: 64%
Magic:  7/7        EV: 12    Int: 18    God:
Gold:   61         SH:  0    Dex: 13    Spells: 6/7 levels left

rFire   . . .        b - +0 short sword
rCold   . . .        (no shield)
rNeg    . . .        a - +0 robe
rPois   .            (no helmet)
rElec   .            (no cloak)
rCorr   .            (no gloves)
SInv    .            e - +0 pair of boots
Will    .....        (no amulet)
Stlth   ++           (no ring)
HPRegen 0.24/turn    (no ring)
MPRegen 0.20/turn

%: no passive effects
@: no status effects
A: magic regeneration, weakness stinger 1
a: no special abilities


You escaped.
You visited 1 branch of the dungeon, and saw 2 of its levels.

You collected 61 gold pieces.

Inventory:

Hand Weapons
 b - a +0 short sword (weapon)
Armour
 a - a +0 robe (worn)
 e - a +0 pair of boots (worn)
Scrolls
 c - a scroll of teleportation {unknown}
 f - a scroll of fear {unknown}
 i - a scroll of brand weapon {unknown}
 j - a scroll of enchant armour {unknown}
Potions
 d - a potion of lignification {unknown}
 g - a potion of cancellation {unknown}
 h - a potion of heal wounds {unknown}


   Skills:
 + Level 1.8 Fighting
 - Level 1.7 Dodging
 - Level 1.7 Stealth
 + Level 2.6 Spellcasting
 - Level 0.8 Transmutations
 + Level 3.2 Earth Magic


You had 6 spell levels left.
You knew the following spells:

 Your Spells              Type           Power      Damage    Failure   Level
a - Sandblast             Erth           28%        2d8       4%          1

Your spell library contained the following spells:

 Spells                   Type           Power      Damage    Failure   Level
 Passwall                 Tmut/Erth      7%         N/A       11%         2
 Stone Arrow              Conj/Erth      16%        3d8       26%         3
 Petrify                  Tmut/Erth      9%         N/A       58%         4
 Brom's Barrelling Bould  Conj/Erth      8%         2d3       65%         4


Dungeon Overview and Level Annotations

Branches:
Dungeon (2/15) Zot: 11137

Altars:

Shops:
D:1 (


Innate Abilities, Weirdness & Mutations

You regenerate magic rapidly.
You have a small tail.


Message History

Unknown command.
Natasha, Servant of Life and Death comes into view.
You can't go up here!
Natasha is nearby!
Casting: Sandblast (safe; 4% risk of failure)
Confirm with . or Enter, or press ? or * to list all spells.
Aiming: Sandblast (safe; 4% risk of failure)
Press: ? - help, Shift-Dir - straight line, f - Natasha
Aim: Natasha (asleep, 100% to hit)
The blast of sand hits Natasha.
Natasha is moderately wounded.
Natasha hisses angrily.
Unknown command.
Casting: Sandblast (safe; 4% risk of failure)
Confirm with . or Enter, or press ? or * to list all spells.
Aiming: Sandblast (safe; 4% risk of failure)
Press: ? - help, Shift-Dir - straight line, f/p - Natasha
Aim: Natasha (moderately wounded, 77% to hit)
The blast of sand hits Natasha!
Natasha is severely wounded.
Natasha casts a spell at you. The magic dart hits you.
Casting: Sandblast (safe; 4% risk of failure)
Confirm with . or Enter, or press ? or * to list all spells.
Aiming: Sandblast (safe; 4% risk of failure)
Press: ? - help, Shift-Dir - straight line, f/p - Natasha
Aim: Natasha (severely wounded, 77% to hit)
The blast of sand hits Natasha!
You kill Natasha!
Natasha growls in agony!
Unknown command.
There is a stone staircase leading up here.
You climb upwards.
There is a stone staircase leading down here.
HP restored.
Magic restored.
There is an open door here.
There is an open door here.
There is a staircase leading out of the dungeon here.
You have escaped!

#......###. ##.########.
####### ########..###.###..
#.##..###.............##...
##...................##....
#.......#####...........###
#....####...####.....####..
##.###.........###'###.....
#..#......@......'.+......⌠
#..###.........###+###..)..
#....####...####.....####..
###.....#####...###...).###
#####........##....#.....
#....###############.
###### ##


There were no monsters in sight!

Vanquished Creatures
  Natasha (D:2)
  3 ball pythons
  3 bats (D:1)
  3 endoplasms (D:1)
  A hobgoblin (D:1)
  2 jackals (D:1)
  A quokka (D:1)
  4 frilled lizards
  3 goblins (D:1)
  4 kobolds
  4 rats (D:1)
29 creatures vanquished.

Notes
Turn   | Place    | Note
-------+----------+-------------------------------------------
     0 | D:1      | protoss039 the Demonspawn Earth Elementalist began the
                  | quest for the Orb.
     0 | D:1      | Reached XP level 1. HP: 13/13 MP: 3/3
   148 | D:1      | Gained mutation: You regenerate magic rapidly. [demonic
                  | ancestry]
   148 | D:1      | Reached XP level 2. HP: 11/20 MP: 3/5
   243 | D:1      | Reached skill level 1 in Fighting
   422 | D:1      | Reached skill level 3 in Earth Magic
   502 | D:1      | Found Cavutuw's Weapon Boutique.
   796 | D:2      | Discovered your monstrous ancestry.
   796 | D:2      | Gained mutation: You have a small tail. [demonic ancestry]
   796 | D:2      | Reached XP level 3. HP: 26/26 MP: 3/6
   805 | D:2      | Noticed Natasha
   810 | D:2      | Killed Natasha
   844 | D:$      | Got out of the dungeon alive.

Illustrated notes

Levels and vault maps discovered:
D:1:      elethiomel_arrival_infinity_welcomes_careful_drivers, layout_rooms,
          serial_shops, nicolae_shop_gibbet_a_chance, minmay_split_cup_small
D:2:      layout_basic, uniq_terence, uniq_natasha, uniq_jessica

Skill      XL: |  1  2 |
---------------+-------+-----
Fighting       | 1 |  1.8
Earth Magic    | 3 |  3.2
Dodging        | |  1.7
Stealth        | |  1.7
Spellcasting   | |  2.6
Transmutations | |  0.8

Action                     || total
---------------------------++-------
  Melee: Short sword       ||    11
         Unarmed           ||     5
   Cast: Sandblast         ||    38
    Use: Potion            ||     1
   Stab: Sleeping          ||     1
 Armour: Robe              ||    23
  Dodge: Dodged            ||    31

Table legend: (Time is in decaauts)
 A = Elapsed time spent in this place.
 B = Non-inter-level travel time spent in this place.
 C = Inter-level travel time spent in this place.
 D = Time resting spent in this place.
 E = Time spent auto-exploring this place.
 F = Levels seen in this place.
 G = Mean time per level.
                   A        B        C        D        E       F      G
               +--------+--------+--------+--------+--------+-----+--------+
         Total |    862 |    807 |     55 |     50 |    566 |   2 |  431.0 |
       Dungeon |    862 |    807 |     55 |     50 |    566 |   2 |  431.0 |
               +--------+--------+--------+--------+--------+-----+--------+

Top non-repeatable levels by time:
     D:1: 799 daAuts
     D:2: 63 daAuts
